 Dungeon Crawl Stone Soup version 0.22-a0-362-g535178c (webtiles) character file.

47 4thArraOfDagon the Firebug (level 3, 0/21 HPs)
             Began as an Octopode Fire Elementalist on Apr 20, 2018.
             Slain by a kobold
             ... wielding a +0 club
              (1 damage)
             ... on level 2 of the Dungeon.
             The game lasted 00:01:08 (314 turns).

4thArraOfDagon the Firebug (OpFE)                    Turns: 314, Time: 00:01:09

Health: 0/21       AC:  1    Str:  7    XL:     3   Next: 70%
Magic:  3/6        EV: 13    Int: 18    God:
Gold:   48         SH:  0    Dex: 12    Spells: 5/6 levels left

rFire    . . .     SeeInvis .   c - +0 short sword
rCold    . . .     Gourm    .   (no shield)
rNeg     . . .     Faith    .   (helmet restricted)
rPois    .         Spirit   .   (no amulet)
rElec    .         Reflect  .   (no ring)
rCorr    .         Harm     .   (no ring)
MR       .....                  (no ring)
Stlth    +++.......             (no ring)
HPRegen  0.07/turn              (no ring)
MPRegen  0.10/turn              (no ring)
                                (no ring)
                                (no ring)

@: no status effects
A: almost no armour, stealthy swim, amphibious, 8 rings, constrict 8, camouflage
1, gelatinous body 1
a: no special abilities


You were on level 2 of the Dungeon.
You were not hungry.

You visited 1 branch of the dungeon, and saw 3 of its levels.

You collected 48 gold pieces.

Inventory:

Hand Weapons
 c - a +0 short sword (weapon)
Scrolls
 a - a scroll of random uselessness {unknown}
 d - a scroll of amnesia {unknown}
Comestibles
 b - a ration


   Skills:
 - Level 2.0 Dodging
 - Level 2.6 Stealth
 + Level 2.3 Spellcasting
 * Level 2.2 Conjurations
 * Level 3.7 Fire Magic


You had 5 spell levels left.
You knew the following spells:

 Your Spells              Type           Power        Failure   Level  Hunger
a - Flame Tongue          Conj/Fire      ##...        5%          1    #......


Dungeon Overview and Level Annotations

Branches:
Dungeon (3/15)

Altars:
Ru


Innate Abilities, Weirdness & Mutations

You cannot wear most types of armour.
You are very stealthy in the water. (Stealth+)
You are amphibious.
You can wear up to eight rings at the same time.
You can use your tentacles to constrict eight enemies at once.
Your skin changes colour to match your surroundings (Stealth+).
Your rubbery body absorbs attacks. (AC +1, EV +1)


Message History

You constrict the orc wizard. The kobold hits you with a club.
* * * LOW HITPOINT WARNING * * *
The orc wizard hits you with a dagger.
* * * LOW HITPOINT WARNING * * *
Casting: Flame Tongue (safe; 7% risk of failure)
Confirm with . or Enter, or press ? or * to list all spells.
Aiming: Flame Tongue (safe; 7% risk of failure)
Press: ? - help, Shift-Dir - straight line, f/p - orc wizard
Aim: an orc wizard, wielding a dagger and wearing a robe (severely wounded, constricted by you, mute)
The flame tongue hits the orc wizard.
The orc wizard is almost dead.
You constrict the orc wizard.
You kill the orc wizard!
Your Conjurations skill increases to level 2!
You have reached level 3!
Your experience leads to an increase in your attributes!
Increase (S)trength, (I)ntelligence, or (D)exterity?
You feel clever. The kobold hits you with a club.
You die...

......# .## #.#
.##...# .###.#####...
.#....# .##..........
##....# .##....###...
......###.##.'#### ##+
#.##+#.....#.#...#...#
#. #.#.##..#.#.†.#...#
#. #....<# ..#.......#
#. ####.##.#####@K.###
#.#.. #..)....# #.#.
#...#...# #.#.
#...#...# #..
+#######+ ..# ..#


You could see a kobold.

Vanquished Creatures
  An orc wizard (D:2)
  A dart slug (D:1)
  2 orcs
  2 goblins
  3 hobgoblins (D:1)
  A jackal (D:2)
  A frilled lizard (D:1)
  A kobold (D:1)
  3 rats
15 creatures vanquished.

Notes
Turn   | Place    | Note
-------+----------+-------------------------------------------
     0 | D:1      | 4thArraOfDagon the Octopode Fire Elementalist began the quest for the Orb.
     0 | D:1      | Reached XP level 1. HP: 11/11 MP: 3/3
    98 | D:1      | Reached XP level 2. HP: 12/17 MP: 0/5
   303 | D:2      | Found a sacrificial altar of Ru.
   314 | D:2      | Reached XP level 3. HP: 1/21 MP: 3/6
   314 | D:2      | Slain by a kobold

Vault maps used:
D:1:      erik_arrival_cave_to_civilisation
D:2:      nicolae_ru_great_annihilating_truth, minivault_25, minivault_27
D:3:      led_sif_book, hangedman_abyss_or_decor_lesser_grid, minivault_4

Skill      XL: |  1  2 |
---------------+-------+-----
Conjurations   | 2 |  2.2
Dodging        | |  2.0
Stealth        | |  2.6
Spellcasting   | |  2.3
Fire Magic     | |  3.7

Action                   || total
-------------------------++-------
Melee: Unarmed           ||    13
       Constrict         ||     8
       Short sword       ||    14
       Tentacles         ||     1
 Cast: Flame Tongue      ||    12
 Stab: Sleeping          ||     3
Armor: Skin              ||     1
Dodge: Dodged            ||    16

Table legend:
 A = Spawn XP
 B = Non-spawn XP
 C = Spawn XP percentage of total XP
 D = Spawn monster count
 E = Non-spawn monster count
 F = Spawn count percentage of total count
 G = Total turns spent on level
                    A         B        C        D         E        F      G
               +---------+---------+-------+---------+---------+-------+---------
         Total |       0 |      68 |   0.0 |       0 |      15 |   0.0 |   314
               +---------+---------+-------+---------+---------+-------+---------
           D:1 |       0 |      15 |   0.0 |       0 |       8 |   0.0 |   184
           D:2 |       0 |      49 |   0.0 |       0 |       5 |   0.0 |    87
           D:3 |       0 |       4 |   0.0 |       0 |       2 |   0.0 |    43
               +---------+---------+-------+---------+---------+-------+---------
